 Dungeon Crawl Stone Soup version 0.23-a0-49-gd9f7a49 (webtiles) character file.

294350 iamserjio the Hoplite (level 20, -5/231 HPs)
             Began as an Octopode Berserker on Aug 5, 2018.
             Was a High Priest of Trog.
             Slain by an ettin
             ... wielding a +0 great mace
              (37 damage)
             ... on level 2 of the Vaults on Aug 6, 2018.
             The game lasted 03:45:30 (23018 turns).

iamserjio the Hoplite (Octopode Berserker)         Turns: 23018, Time: 03:45:31

Health: -5/231     AC:  3    Str: 23    XL:     20   Next: 85%
Magic:  8/8        EV: 30    Int: 20    God:    Trog [*****.]
Gold:   1315       SH: 32    Dex: 16    Spells: 13/19 levels left

rFire    + . .     SeeInvis +   n - +9 double sword (antimagic)
rCold    + . .     Gourm    .   A - +8 large shield
rNeg     + . .     Faith    .   P - +2 hat
rPois    +         Spirit   .   j - amulet of regeneration
rElec    +         Reflect  .   V - ring of positive energy
rCorr    .         Harm     .   i - +3 ring of evasion
MR       ++...                  f - ring "Jaysisag" {rElec rF+ Int+6 Stlth-}
Stlth    ..........             l - ring of protection from cold
HPRegen  0.88/turn              E - ring "Yrep" {rPois Dex+2 SInv}
MPRegen  0.11/turn              D - +3 ring of evasion
                                g - ring of stealth
                                z - ring of protection from magic

@: berserking (expiring), very quick
A: almost no armour, stealthy swim, amphibious, 8 rings, constrict 8, camouflage
1, gelatinous body 1
}: 2/15 runes: barnacled, gossamer
a: Berserk, Trog's Hand, Brothers in Arms, Renounce Religion


You were on level 2 of the Vaults.
You worshipped Trog.
Trog was extremely pleased with you.
You were hungry.

You visited 6 branches of the dungeon, and saw 35 of its levels.
You also visited: Ossuary.

You collected 2985 gold pieces.
You spent 1670 gold pieces at shops.

Inventory:

Hand Weapons
 n - a +9 antimagic double sword (weapon)
 C - a +3 dagger
Missiles
 Q - 14 throwing nets {!f}
 X - 23 javelins of penetration (quivered)
Armour
 A - a +8 large shield (worn)
 P - a +2 hat (worn)
Jewellery
 f - the ring "Jaysisag" (on tentacle) {rElec rF+ Int+6 Stlth-}
   (You acquired it on level 3 of the Vaults)

   [ring of protection from fire]

   It affects your intelligence (+6).
   It protects you from fire.
   It insulates you from electricity.
   It makes you less stealthy.
 g - a ring of stealth (on tentacle)
 h - an uncursed ring of resist corrosion
 i - a +3 ring of evasion (right tentacle)
 j - an amulet of regeneration (around mantle)
 l - a ring of protection from cold (on tentacle)
 z - a ring of protection from magic (on tentacle)
 D - a +3 ring of evasion (on tentacle)
 E - the ring "Yrep" (on tentacle) {rPois Dex+2 SInv}
   (You found it on level 5 of the Dungeon)

   [ring of see invisible]

   It affects your dexterity (+2).
   It protects you from poison.
   It lets you see invisible.
 V - a ring of positive energy (left tentacle)
Wands
 a - a wand of iceblast (20)
 s - a wand of digging (12)
 K - a wand of paralysis (27)
 Z - a wand of acid (9)
Scrolls
 c - 2 scrolls of enchant armour
 m - 2 scrolls of vulnerability
 o - 3 scrolls of magic mapping
 p - 2 scrolls of summoning
 q - 2 scrolls of brand weapon
 r - 3 scrolls of blinking
 u - 7 scrolls of teleportation
 B - 7 scrolls of fog
 G - 2 scrolls of fear
 I - a scroll of acquirement
 L - 6 scrolls of identify {@r1}
 R - 2 scrolls of holy word
 S - 4 scrolls of immolation
 T - 12 scrolls of remove curse {@r2}
Potions
 d - 6 potions of lignification
 e - 3 potions of brilliance
 k - 4 potions of cancellation
 v - 5 potions of flight
 w - 7 potions of might
 x - 4 potions of ambrosia
 H - 11 potions of curing {@q1}
 J - 6 potions of agility
 M - 2 potions of invisibility
 N - 3 potions of magic
 O - 5 potions of heal wounds
 U - 4 potions of haste
 Y - a potion of berserk rage
Miscellaneous
 t - a fan of gales
 F - 2 phantom mirrors
 W - a phial of floods
Comestibles
 b - 39 rations
 y - 3 chunks of flesh


   Skills:
 + Level 18.4 Fighting
 - Level 3.0(11.1) Short Blades
 - Level 15.9(16.0) Long Blades
 - Level 2.0 Throwing
 - Level 15.0 Dodging
 - Level 17.0 Stealth
 + Level 21.0 Shields
 - Level 7.0 Evocations


You had 13 spell levels left.
You knew the following spells:

 Your Spells              Type           Power        Failure   Level  Hunger
a - Statue Form           Tmut/Erth      #........    100%        6    #######

Your spell library contained the following spells:

 Spells                   Type           Power        Failure   Level  Hunger
 Magic Dart               Conj           #...         32%         1    ##.....
 Fireball                 Conj/Fire      #.........   100%        5    ######.
 Conjure Flame            Conj/Fire      #.......     67%         3    ####...
 Bolt of Fire             Conj/Fire      #.........   100%        6    #######
 Bolt of Magma            Conj/Fire/Erth #.........   100%        5    ######.
 Freezing Cloud           Conj/Ice/Air   #.........   100%        6    #######
 Mephitic Cloud           Conj/Pois/Air  #.......     67%         3    ####...
 Ring of Flames           Chrm/Fire      #.........   100%        7    #######
 Venom Bolt               Conj/Pois      #.........   100%        5    ######.
 Iskenderun's Mystic Bla  Conj           #.......     97%         4    #####..
 Animate Dead             Necr           N/A          97%         4    #####..
 Summon Ice Beast         Ice/Summ       #.......     97%         4    #####..
 Iron Shot                Conj/Erth      #.........   100%        6    #######
 Recall                   Summ/Tloc      N/A          67%         3    ####...
 Death Channel            Necr           #.........   100%        6    #######
 Ignite Poison            Fire/Tmut/Pois #.......     67%         3    ####...
 Call Canine Familiar     Summ           #.......     67%         3    ####...
 Summon Butterflies       Summ           #.......     32%         1    ##.....
 Shatter                  Erth           #.........   100%        9    #######
 Simulacrum               Ice/Necr       #.........   100%        6    #######
 Orb of Destruction       Conj           #.........   100%        7    #######
 Leda's Liquefaction      Hex/Erth       #.........   97%         4    #####..
 Summon Hydra             Summ           #.........   100%        7    #######
 Iskenderun's Battlesphe  Conj/Chrm      #.......     100%        5    ######.
 Fulminant Prism          Conj/Hex       #.........   97%         4    #####..
 Dazzling Spray           Conj/Hex       #.....       67%         3    ####...
 Force Lance              Conj/Tloc      #.......     97%         4    #####..
 Searing Ray              Conj           #.....       43%         2    ###....
 Spellforged Servitor     Conj/Summ      #.........   100%        7    #######
 Summon Mana Viper        Hex/Summ       #.......     100%        5    ######.
 Poisonous Vapours        Pois/Air       #.....       43%         2    ###....
 Ignition                 Fire           #.........   100%        8    #######
 Borgnjor's Vile Clutch   Necr/Erth      #.........   100%        5    ######.


Dungeon Overview and Level Annotations

Branches:
Dungeon (15/15)            Temple (0/1) D:4            Lair (6/6) D:10
 Shoals (4/4) Lair:3       Spider (4/4) Lair:4        Slime (0/5) Lair:6
    Orc (2/2) D:10            Elf (0/3) Orc:2        Vaults (4/5) D:14
  Crypt (0/3) Vaults:3     Depths (0/5) D:15

Altars:
Elyvilon
Nemelex Xobeh
Okawaru
Qazlal
Wu Jian
Xom
Zin
The Shining One
Beogh
Jiyva

Shops:
D:7 (   D:8 (*%([   D:11 *   D:12 !   D:13 !   Orc:2 =(!!}[   Shoals:2 :

Annotations:
D:5 Grinder
D:9 1 exclusion
D:13 exclusion: orange crystal statue
Lair:5 3 runed doors, Baiput's ghost, journeyman GrFi; Dukluodd's ghost, journeyman HaGl; Xeddua's ghost, journeyman MiBe
Spider:3 2 exclusions
Orc:1 3 runed doors, Niwyotz's ghost, journeyman MiFi
Vaults:2 Nikola
Vaults:4 1 exclusion


Innate Abilities, Weirdness & Mutations

You cannot wear most types of armour.
You are very stealthy in the water. (Stealth+)
You are amphibious.
You can wear up to eight rings at the same time.
You can use your tentacles to constrict eight enemies at once.
Your skin changes colour to match your surroundings (Stealth+).
Your rubbery body absorbs attacks. (AC +1, EV +1)


Message History

You block the ettin's attack. x2; The stone giant closely misses you.
You slice the stone giant!!
You kill the stone giant!
Trog accepts your kill.
You slash the ettin!
The ettin is heavily wounded.
You hit the ettin.
You squeeze the ettin, but do no damage.
The ettin is heavily wounded.
You block the ettin's attack.
The ettin hits you with an enchanted dire flail!!!
* * * LOW HITPOINT WARNING * * *
You slash the ettin!
The ettin is heavily wounded.
You slice the ettin!!
The ettin is almost dead.
The ettin hits you with a great mace!!
* * * LOW HITPOINT WARNING * * *
The ettin hits you with an enchanted dire flail!!!
You die...

......)...........
..................
#######'########'#
## #..# ##... ##.
#..# ##.... #..
#..# #.....
#..#####..# #.....
#..)'.....# #.....
#.(@'.....# #.....
#.C#####..# #.....
#.. #..# ######
##. #..# ## #..#
####


You could see an ettin.

Vanquished Creatures
  Saint Roka (Orc:2)
  A sphinx (Vaults:4)
  Gastronok (D:9)
  Polyphemus (Shoals:3)
  Frances (Spider:2)
  Kirke (D:15)
  A revenant (Vaults:3)
  Ilsuiw (Shoals:2)
  A frost giant (Shoals:4)
  A deep elf sorcerer (Vaults:2)
  Louise (D:15)
  An orc warlord (Vaults:4)
  4 ghost moths (Spider:4)
  6 vault wardens
  4 emperor scorpions
  10 ironheart preservers
  11 very ugly things
  5 stone giants
  3 entropy weavers
  2 deep elf demonologists (Vaults:3)
  3 deep elf annihilators
  2 spark wasps
  5 dire elephants (Lair:6)
  5 merfolk javelineers
  2 ettins
  An eidolon (Vaults:3)
  7 merfolk impalers
  5 deep elf death magi
  2 yaktaur captains
  Snorg (Lair:3)
  Harold (D:9)
  12 vault guards
  3 fire dragons
  3 hydras
  An ice dragon (Vaults:2)
  An anaconda (Lair:6)
  2 catoblepae
  31 two-headed ogres
  7 ogre magi
  An alligator snapping turtle (Shoals:4)
  7 centaur warriors
  2 merfolk aquamancers
  A deep troll shaman (Vaults:4)
  A satyr (Shoals:3)
  3 tengu warriors
  A deep troll earth mage (Vaults:4)
  5 death yaks
  Urug (Orc:1)
  6 orc high priests (Orc:2)
  2 fire crabs (Shoals:1)
  4 deep elf knights
  A fire crab (shapeshifter) (Vaults:3)
  15 sea snakes
  5 unseen horrors
  A glowing orange brain (Vaults:1)
  6 deep trolls
  4 deep elf archers
  3 ironbrand convokers (Vaults:3)
  3 wizards
  Pikel (D:9)
  A wolf spider zombie (D:15)
  9 harpies
  7 orc sorcerers
  9 orb spiders
  28 wolf spiders
  19 orc knights
  A necromancer (Vaults:3)
  4 cyclopes
  31 ugly things
  3 moths of wrath
  13 deep elf magi
  17 manticores
  10 fauns
  5 elephants
  A black mamba (shapeshifter) (D:15)
  7 merfolk sirens
  6 water nymphs
  Joseph (D:7)
  A torpor snail (Lair:5)
  9 vault sentinels
  3 gargoyles
  A naga mage (D:15)
  2 black mambas
  9 spiny frogs
  A rime drake (Lair:6)
  A kobold demonologist (D:15)
  2 efreet (D:15)
  7 komodo dragons
  A yaktaur (shapeshifter) (Vaults:3)
  A freezing wraith (Vaults:4)
  A tengu conjurer (D:14)
  7 yaktaurs
  9 demonic crawlers
  A tengu simulacrum (Vaults:3)
  3 wind drakes
  24 jumping spiders
  12 trolls
  40 merfolk
  2 polar bears
  11 hornets
  A hornet (shapeshifter) (D:15)
  6 dream sheep (Lair:4)
  A meliai zombie (D:15)
  11 slime creatures
  5 blink frogs (Lair:5)
  12 snapping turtles
  A centaur simulacrum (D:11)
  6 hippogriffs
  2 vampires (D:11)
  2 fire bats (Shoals:1)
  A spriggan (D:7)
  24 tarantellas
  80 redbacks
  7 water elementals
  A wraith (D:14)
  2 shadows
  2 wyverns
  28 yaks
  A yak (shapeshifter) (D:14)
  4 hungry ghosts
  6 wargs
  4 acid dragons
  A soldier ant (shapeshifter) (Vaults:4)
  9 water moccasins
  8 porcupines
  A floating eye (shapeshifter) (Vaults:3)
  A hornet zombie (D:14)
  60 orc warriors
  3 necrophages
  A slave (D:9)
  4 sky beasts
  2 black bears
  2 ice beasts (D:9)
  3 eyes of draining
  26 centaurs
  14 wolves
  26 ogres
  3 boggarts (Vaults:2)
  18 crocodiles
  A big kobold (D:10)
  13 bullfrogs
  2 gnoll sergeants (D:10)
  4 scorpions
  8 killer bees
  11 electric eels
  12 howler monkeys
  4 crimson imps
  4 centaur zombies
  2 quasits
  A bullfrog zombie (D:15)
  8 hounds
  5 jellies
  22 orc wizards
  36 orc priests
  Crazy Yiuf (D:7)
  2 bullfrog skeletons
  6 centaur skeletons
  11 worker ants
  4 iguanas
  A big kobold zombie (Ossuary)
  4 mummies (Ossuary)
  2 worker ant zombies
  14 adders
  4 gnolls
  A hound simulacrum (D:11)
  5 shadow imps
  16 white imps (D:11)
  2 oozes (D:2)
  An adder zombie (D:6)
  3 worms (D:2)
  2 dart slugs (D:1)
  9 leopard geckos
  114 orcs
  5 giant cockroaches
  5 hobgoblins
  11 jackals
  5 quokkas
  A ball python (D:5)
  5 bats
  4 frilled lizards
  8 goblins
  7 hobgoblin zombies (Ossuary)
  4 kobolds
  A leopard gecko zombie (D:7)
  2 quokka skeletons
  7 rats
  2 bushes (Lair:4)
  A butterfly (Lair:5)
  3 fungi (D:7)
  3 plants (Lair:6)
1342 creatures vanquished.

Vanquished Creatures (collateral kills)
  2 emperor scorpions (Spider:4)
  A merfolk javelineer (Shoals:4)
  2 merfolk impalers (Shoals:4)
  A vault guard (D:14)
  A merfolk avatar (Shoals:4)
  5 hydras
  A tengu warrior (D:13)
  A death yak (Lair:5)
  3 elephants (Lair:5)
  A komodo dragon (D:13)
  A hornet (Spider:4)
  A polar bear (D:11)
  A slime creature (D:13)
  3 orc warriors
  3 centaurs
  2 gnoll sergeants (D:10)
  A bullfrog (D:13)
  2 gnolls (D:10)
  A shadow imp (D:13)
  A white imp (D:11)
  An orc (D:10)
  A fungus (D:10)
36 creatures vanquished.

Vanquished Creatures (others)
  An ironheart preserver (Vaults:3)
  A deep elf knight (Vaults:4)
  A faun (Shoals:3)
  A jumping spider (Spider:4)
  A water elemental (D:15)
  A tarantella (Spider:4)
  A yak (Lair:6)
  4 humans (D:15)
  2 orc warriors (D:10)
  3 centaurs (D:15)
  An electric eel (D:15)
  A worker ant (D:9)
  A white imp (D:11)
  An orc (D:15)
  13 fungi
  23 plants
  2 withered plants (Lair:5)
58 creatures vanquished.

Grand Total: 1436 creatures vanquished

Notes
Turn   | Place    | Note
-------+----------+-------------------------------------------
     0 | D:1      | iamserjio the Octopode Berserker began the quest for the Orb.
     0 | D:1      | Reached XP level 1. HP: 16/16 MP: 1/1
    79 | D:1      | Reached skill level 1 in Stealth
    79 | D:1      | Reached XP level 2. HP: 11/21 MP: 2/2
   337 | D:1      | Reached XP level 3. HP: 21/26 MP: 3/3
   378 | D:1      | Reached ** piety under Trog
   764 | D:2      | Reached XP level 4. HP: 31/31 MP: 4/4
   803 | D:2      | Reached skill level 1 in Shields
   889 | D:2      | Reached XP level 5. HP: 26/36 MP: 5/5
  1002 | D:3      | Found an iron altar of Okawaru.
  1328 | D:3      | Reached skill level 2 in Shields
  1330 | D:3      | Reached XP level 6. HP: 43/43 MP: 6/6
  1367 | D:3      | Found a sparkling altar of Nemelex Xobeh.
  1485 | D:4      | Reached skill level 5 in Dodging
  1531 | D:4      | Reached *** piety under Trog
  1531 | D:4      | Reached XP level 7. HP: 46/48 MP: 7/7
  1536 | D:4      | Found a glowing golden altar of the Shining One.
  1636 | D:4      | Found a staircase to the Ecumenical Temple.
  1761 | D:4      | Reached skill level 3 in Shields
  1994 | D:5      | Entered Level 5 of the Dungeon
  2053 | D:5      | Got a steaming jade ring
  2070 | D:5      | Reached skill level 5 in Stealth
  2347 | D:5      | Reached XP level 8. HP: 54/54 MP: 8/8
  2363 | D:5      | Noticed Grinder
  2611 | D:6      | Reached skill level 5 in Fighting
  2620 | D:6      | Reached skill level 1 in Long Blades
  2645 | D:6      | Got a polished whip
  2653 | D:6      | Identified the +8 whip "Kaebbot" {slash, +Blink rF- rC++ Int+4} (You found it on level 6 of the Dungeon)
  2693 | D:6      | Reached skill level 4 in Shields
  2695 | D:6      | Reached **** piety under Trog
  2749 | D:6      | Reached skill level 1 in Evocations
  2921 | D:6      | Reached XP level 9. HP: 54/62 MP: 10/10
  3023 | D:6      | Found a white marble altar of Elyvilon.
  3228 | D:7      | You fall through a shaft for 3 floors!
  3228 | D:10     | Entered Level 10 of the Dungeon
  3228 | D:10     | Noticed a troll
  3231 | D:10     | Noticed a troll
  3331 | D:8      | Found Hinaez Jauge's Weapon Shoppe.
  3423 | D:8      | Found an ornate altar of the Wu Jian Council.
  3439 | D:8      | Found Fedam's Armour Boutique.
  3510 | D:8      | Found Ogugip's Assorted Antiques.
  3531 | D:8      | Bought a fuming ruby potion for 31 gold pieces
  3551 | D:8      | Found a sand-covered staircase.
  3567 | Ossuary  | Entered an ossuary
  3755 | D:8      | Reached ***** piety under Trog
  3842 | D:8      | Found Roonarint's Food Emporium.
  3854 | D:8      | Found a stormy altar of Qazlal.
  3884 | D:8      | Found Ucla's Weapon Shoppe.
  4164 | D:7      | Reached XP level 10. HP: 67/69 MP: 12/12
  4204 | D:7      | Found Ruamiock's Weapon Emporium.
  4360 | D:7      | Noticed Joseph
  4377 | D:7      | Killed Joseph
  4445 | D:7      | Found a runed door.
  4449 | D:7      | Noticed Crazy Yiuf
  4453 | D:7      | Killed Crazy Yiuf
  4671 | D:9      | Noticed Pikel
  4697 | D:9      | Killed Pikel
  4724 | D:9      | Noticed an angel
  4725 | D:9      | Found a shimmering altar of Xom.
  4725 | D:9      | Found a glowing silver altar of Zin.
  4760 | D:9      | Noticed Harold
  4767 | D:9      | Killed Harold
  4767 | D:9      | Received a gift from Trog
  4767 | D:9      | Reached skill level 5 in Long Blades
  4767 | D:9      | Reached skill level 10 in Dodging
  4767 | D:9      | Reached skill level 5 in Evocations
  4866 | D:9      | Identified the ring "Yrep" {rPois Dex+2 SInv} (You found it on level 5 of the Dungeon)
  4942 | D:9      | Noticed Gastronok
  4957 | D:9      | Killed Gastronok
  4957 | D:9      | Reached XP level 11. HP: 76/76 MP: 13/15
  5219 | D:9      | Reached skill level 10 in Stealth
  5383 | D:10     | Found a staircase to the Orcish Mines.
  5657 | D:11     | Found Toen's Assorted Antiques.
  5727 | D:11     | Bought a scroll labeled VOMPEP GUIH for 30 gold pieces
  5759 | D:11     | Noticed a manticore
  5773 | D:11     | Killed a manticore
  5776 | D:11     | Received a gift from Trog
  5803 | D:11     | Found a frozen archway.
  6485 | D:12     | Found Gakhlo's Distillery.
  6499 | D:12     | Bought a potion of curing for 54 gold pieces
  6499 | D:12     | Bought a potion of curing for 54 gold pieces
  6499 | D:12     | Bought 2 potions of lignification for 108 gold pieces
  6499 | D:12     | Bought a potion of curing for 54 gold pieces
  6499 | D:12     | Bought a potion of might for 72 gold pieces
  6499 | D:12     | Bought a potion of lignification for 54 gold pieces
  6499 | D:12     | Bought a potion of agility for 72 gold pieces
  6558 | D:12     | Noticed a manticore
  6567 | D:12     | Killed a manticore
  6814 | D:13     | Noticed a manticore
  6821 | D:13     | Killed a manticore
  6821 | D:13     | Reached XP level 12. HP: 82/82 MP: 5/16
  7027 | D:13     | Found Peus's Distillery.
  7076 | D:13     | Bought a potion of might for 60 gold pieces
  7076 | D:13     | Bought a potion of invisibility for 120 gold pieces
  7163 | D:13     | Noticed a two-headed ogre
  7171 | D:13     | Killed a two-headed ogre
  7196 | D:13     | Noticed a tengu warrior
  7199 | D:13     | Noticed a tengu warrior
  7204 | D:13     | Killed a tengu warrior
  7209 | D:13     | Killed a tengu warrior
  7565 | D:10     | Found a staircase to the Lair.
  7658 | D:8      | Bought a +0 large shield for 54 gold pieces
  7788 | Lair:1   | Entered Level 1 of the Lair of Beasts
  7788 | Lair:1   | Noticed a six-headed hydra
  7811 | D:10     | Killed a six-headed hydra
  7811 | D:10     | Reached XP level 13. HP: 31/90 MP: 18/18
  8091 | Lair:1   | Received a gift from Trog
  8131 | Lair:1   | Found a glowing silver altar of Zin.
  8307 | Lair:2   | Reached skill level 5 in Shields
  8727 | Lair:3   | Found a staircase to the Shoals.
  8796 | Lair:3   | Got a steaming falchion
  8797 | Lair:3   | Identified the +8 falchion of the Living Dead {protect, +Inv} (You found it on level 3 of the Lair of Beasts)
  9014 | Lair:3   | Reached skill level 6 in Shields
  9073 | Lair:3   | Noticed Snorg
  9079 | Lair:3   | Killed Snorg
  9378 | Lair:4   | Found a hole to the Spider Nest.
  9407 | Lair:4   | Received a gift from Trog
  9626 | Lair:4   | Reached skill level 7 in Shields
  9831 | Lair:5   | Reached skill level 10 in Fighting
  9976 | Lair:5   | Reached XP level 14. HP: 74/99 MP: 6/19
 10298 | Lair:5   | Found a runed gate.
 10298 | Lair:5   | Found a runed gate.
 10298 | Lair:5   | Found a runed gate.
 10298 | Lair:5   | Noticed Xeddua's ghost (journeyman MiBe)
 10299 | Lair:5   | Noticed Baiput's ghost (journeyman GrFi)
 10299 | Lair:5   | Noticed Xeddua's ghost (journeyman MiBe)
 10299 | Lair:5   | Noticed Dukluodd's ghost (journeyman HaGl)
 10308 | Lair:6   | Entered Level 6 of the Lair of Beasts
 10362 | Lair:6   | Found a runed door.
 10363 | Lair:6   | Found a viscous altar of Jiyva.
 10366 | Lair:6   | Found a staircase to the Slime Pits.
 10466 | Lair:6   | Reached skill level 8 in Shields
 10471 | Lair:6   | Noticed a dire elephant
 10471 | Lair:6   | Noticed a dire elephant
 10484 | Lair:6   | Killed a dire elephant
 10488 | Lair:6   | Killed a dire elephant
 10537 | Lair:6   | Noticed a dire elephant
 10549 | Lair:6   | Killed a dire elephant
 10559 | Lair:6   | Noticed a dire elephant
 10560 | Lair:6   | Noticed a dire elephant
 10668 | Lair:6   | Killed a dire elephant
 10722 | Lair:6   | Reached skill level 10 in Long Blades
 10943 | Lair:6   | Noticed a dire elephant
 11060 | Lair:6   | Reached skill level 9 in Shields
 11265 | Lair:6   | Killed a dire elephant
 11447 | Orc:1    | Entered Level 1 of the Orcish Mines
 11527 | Orc:1    | Noticed Urug
 11570 | Orc:1    | Received a gift from Trog
 11612 | Orc:1    | Found a runed gate.
 11613 | Orc:1    | Found a runed gate.
 11614 | Orc:1    | Found a runed gate.
 11615 | Orc:1    | Noticed Niwyotz's ghost (journeyman MiFi)
 11782 | Orc:2    | Entered Level 2 of the Orcish Mines
 11822 | Orc:2    | Found a staircase to the Elven Halls.
 11824 | Orc:2    | Noticed Saint Roka
 11864 | Orc:1    | Reached skill level 1 in Throwing
 11918 | Orc:1    | Killed Urug
 12003 | Orc:2    | Killed Saint Roka
 12003 | Orc:2    | Reached skill level 10 in Shields
 12066 | Orc:2    | Received a gift from Trog
 12108 | Orc:2    | Found a roughly hewn altar of Beogh.
 12246 | Orc:2    | Reached XP level 15. HP: 106/106 MP: 6/20
 12266 | Orc:2    | Paralysed by an orc sorcerer for 2 turns
 12294 | Orc:2    | Found Uloceatu's Distillery.
 12294 | Orc:2    | Found Deumot's Distillery.
 12622 | Orc:2    | Received a gift from Trog
 12707 | Orc:2    | Reached skill level 11 in Shields
 12786 | Orc:2    | Found Pir Jul's Weapon Emporium.
 12797 | Orc:2    | Found Puxkaerr's Jewellery Emporium.
 12798 | Orc:2    | Found Yhiov's Armour Emporium.
 12798 | Orc:2    | Found Ruimp's Gadget Shoppe.
 12813 | Orc:2    | Bought an uncursed ring of stealth for 262 gold pieces
 12813 | Orc:2    | Bought an uncursed ring of protection from magic for 375 gold pieces
 13004 | D:14     | Reached skill level 15 in Stealth
 13513 | D:14     | Found a gate to the Vaults.
 13638 | D:15     | Entered Level 15 of the Dungeon
 13671 | D:15     | Found an iron altar of Okawaru.
 13677 | D:15     | Noticed Kirke
 13694 | D:15     | Reached skill level 12 in Shields
 13701 | D:15     | Killed Kirke
 13702 | D:15     | Noticed Louise
 13721 | D:15     | Killed Louise
 13725 | D:15     | Received a gift from Trog
 13933 | D:15     | Reached XP level 16. HP: 97/114 MP: 7/21
 14111 | D:15     | Received a gift from Trog
 14326 | D:15     | Reached skill level 13 in Shields
 14462 | D:15     | Found a staircase to the Depths.
 14505 | D:15     | Was placed under penance by Trog
 14512 | D:15     | Learned a level 6 spell: Statue Form
 14637 | D:13     | Bought a potion of heal wounds for 75 gold pieces
 14637 | D:13     | Bought a potion of invisibility for 120 gold pieces
 14637 | D:13     | Bought a potion of heal wounds for 75 gold pieces
 14792 | Spider:1 | Entered Level 1 of the Spider Nest
 14914 | Lair:4   | Upgraded the game from 0.23-a0-38-g6d804a8 to 0.23-a0-49-gd9f7a49
 15120 | Spider:1 | Was forgiven by Trog
 15289 | Spider:1 | Identified a scroll of acquirement
 15787 | Spider:2 | Reached skill level 14 in Shields
 15823 | Spider:2 | Noticed Frances
 15840 | Spider:2 | Killed Frances
 16065 | Spider:3 | Reached XP level 17. HP: 72/121 MP: 7/22
 16122 | Spider:3 | Reached skill level 15 in Long Blades
 16507 | Spider:4 | Entered Level 4 of the Spider Nest
 16706 | Spider:4 | Reached skill level 15 in Shields
 17177 | Spider:4 | Got a gossamer rune of Zot
 17686 | Shoals:1 | Entered Level 1 of the Shoals
 17933 | Shoals:1 | Reached skill level 16 in Shields
 18096 | Shoals:1 | Reached XP level 18. HP: 129/129 MP: 7/23
 18100 | Shoals:1 | Received a gift from Trog
 18250 | Shoals:2 | Found Goax's Book Shoppe.
 18256 | Shoals:2 | Noticed Ilsuiw
 18622 | Shoals:3 | Noticed Polyphemus
 18693 | Shoals:3 | Received a gift from Trog
 18870 | Shoals:2 | Killed Ilsuiw
 18870 | Shoals:2 | Reached skill level 17 in Shields
 19121 | Shoals:4 | Entered Level 4 of the Shoals
 19161 | Shoals:4 | Received a gift from Trog
 19561 | Shoals:4 | Reached skill level 18 in Shields
 19772 | Shoals:4 | Got a barnacled rune of Zot
 19910 | Shoals:3 | Killed Polyphemus
 19958 | Shoals:3 | Reached XP level 19. HP: 116/138 MP: 8/24
 20197 | Vaults:1 | Entered Level 1 of the Vaults
 20321 | Vaults:1 | Reached skill level 15 in Fighting
 20405 | Vaults:2 | Noticed Nikola
 20788 | Vaults:3 | Received a gift from Trog
 20797 | Vaults:3 | Reached skill level 19 in Shields
 20988 | Vaults:3 | Reached skill level 15 in Dodging
 21252 | Vaults:3 | Found a staircase to the Crypt.
 21366 | Vaults:3 | Noticed an Ice Fiend
 21371 | Vaults:3 | Reached XP level 20. HP: 66/149 MP: 8/25
 21473 | Vaults:3 | Received a gift from Trog
 21555 | Vaults:3 | Reached skill level 20 in Shields
 21914 | Vaults:3 | Identified the ring "Jaysisag" {rElec rF+ Int+6 Stlth-} (You acquired it on level 3 of the Vaults)
 22841 | Vaults:2 | Received a gift from Trog
 23001 | Vaults:2 | Reached skill level 21 in Shields
 23018 | Vaults:2 | Slain by an ettin

Vault maps used:
D:1:      doesnt_arrival_eight_statues
D:3:      nemelex_xobeh_ov_fountains_minmay, lemuel_doored_altar,
          grunt_gozag_breadcrumbs
D:4:      tso_metal_star, temple_doors_ab, trog_book
D:5:      first_ration, minmay_misc_feat_tiny, grunt_decor_arrowhead,
          uniq_grinder
D:6:      kennysheep_mini
D:7:      serial_shops, nicolae_shop_trees, the_bakery,
          minmay_item_behind_shaft, water_boxes_lemuel, uniq_crazy_yiuf_cottage,
          uniq_joseph
D:8:      kennysheep_little_box, nicolae_overflow_crystal_walls,
          nicolae_ossuary_entry_plus, serial_shops, shop_fountains, shop,
          nicolae_shop_stone, nicolae_shop_stone, shop
D:9:      grunt_temple_overflow_order_and_chaos_1, grunt_ministairs_6,
          uniq_pikel, uniq_gastronok, uniq_harold
D:10:     grunt_lair_entry_orc_guard_hut, kennysheep_orc_monster_closet_entryway
D:11:     serial_ice, serial_ice_f, serial_ice_j, serial_ice_c, serial_ice_g,
          portal_ice_cave_entry_imps, serial_shops,
          nicolae_shop_overgrown_old_shop, minmay_misc_feat_iff
D:12:     serial_shops, nicolae_shop_trees
D:13:     serial_shops, shop_statue, minivault_16, minmay_liquid_box
D:14:     erik_vaults_2, bh_walls_and_bars
D:15:     grunt_enter_depths_magical_seal, okawaru_ov_weapons_minmay,
          chequers_big_river, uniq_louise, uniq_kirke
Lair:1:   basic_altar, lemuel_fruit_fields
Lair:3:   minmay_shoals_entry_beasts, uniq_snorg
Lair:4:   dummy_spider_entry, minmay_hedge_maze, minivault_26,
          nicolae_lair_yak_garden
Lair:5:   gammafunk_ghost_cemetery, serial_bayou_shore_a, lemuel_fruit_fields
Lair:6:   due_jungle_book, slime_altar_2, minivault_23
Shoals:1: hangedman_shoal_volcano
Shoals:2: nicolae_shoals_c_island, uniq_ilsuiw
Shoals:3: nicolae_shoals_seven_spires, uniq_polyphemus
Shoals:4: shoals_end_grunt_ice, shoals_ilsuiw_alternative,
          nicolae_shoals_square_sea_wall
Spider:1: spider_trap
Spider:2: nicolae_spider_stair_cavern, uniq_frances
Spider:4: spider_rune_water
Orc:1:    gammafunk_ghost_split, uniq_urug
Orc:2:    st_orc_pillars, basic_altar, guppyfry_orc_lava_fort, uniq_saint_roka
Vaults:1: v_rooms_6, v_misc_15, hangedman_vaults_snaps,
          ontoclasm_vaults_ring_small, nicolae_vaults_little_squares_6,
          v_rooms_4, dpeg_vaults_monster_box, v_misc_12, v_misc_26,
          serial_shops, shop
Vaults:2: hangedman_vaults_corner_blocks, nicolae_vaults_stairing_the_circle,
          vaults_room_semicircle, nicolae_vaults_little_squares_4,
          nicolae_vaults_three_branches, v_rooms_4, ontoclasm_vaults_hangar,
          ontoclasm_vaults_shout, grunt_vaults_hallway_short, v_misc_2,
          grunt_vaults_focal, vaults_room_stairs_pillars, uniq_nikola
Vaults:3: ontoclasm_vaults_ring_large, nicolae_vaults_meeting,
          minmay_crypt_entry_simple_sparse, v_misc_2, ontoclasm_vaults_bender,
          v_alt_pattern_6, nicolae_vaults_twisting_passages
Vaults:4: nicolae_vaults_little_squares_4, v_alt_pattern_4,
          ontoclasm_vaults_ring_large, nicolae_vaults_network_s,
          vaults_room_large_hall, ontoclasm_vaults_pinch,
          nicolae_vaults_rhombus_6, v_misc_23, vaults_dpeg_ring,
          vaults_dpeg_hooks
Ossuary:  ossuary_the_hunt_dpeg

Skill      XL: |  1  2  3  4  5  6  7  8  9 10 11 12 13 14 15 16 17 18 19 20 |
---------------+-------------------------------------------------------------+-----
Stealth        | 1 2 3 4 5 6 8 9 11 12 13 14 15 17 | 17.0
Dodging        | 4 5 6 7 9 10 11 13 14 15 | 15.0
Shields        | 1 2 3 4 7 10 12 14 16 18 19 21 | 21.0
Fighting       | 4 5 6 7 8 9 10 11 12 13 14 16 18 | 18.4
Long Blades    | 2 4 5 7 8 9 11 13 14 15 | 15.9
Evocations     | 1 3 5 6 7 |  7.0
Throwing       | 2 |  2.0
Short Blades   | |  3.0

Action                   |  1- 3 |  4- 6 |  7- 9 | 10-12 | 13-15 | 16-18 | 19-21 || total
-------------------------+-------+-------+-------+-------+-------+-------+-------++-------
Melee: Short sword       |    62 |    99 |   324 |   105 |     8 |       |       ||   598
       Constrict         |    16 |    26 |    69 |    95 |   151 |   256 |   131 ||   744
       Tentacles         |    14 |    22 |    94 |   164 |   319 |   379 |   301 ||  1293
       Dagger            |       |       |       |   178 |    92 |    51 |    19 ||   340
       Double sword      |       |       |       |   180 |   834 |  1225 |   863 ||  3102
       Falchion          |       |       |       |     8 |    78 |       |       ||    86
       Whip              |       |       |       |     7 |    12 |       |       ||    19
Throw: Stone             |       |       |     2 |     8 |     3 |       |       ||    13
       Throwing net      |       |       |       |       |     2 |       |       ||     2
       Javelin           |       |       |       |       |     1 |     6 |       ||     7
Invok: Trog's Hand       |       |     3 |     6 |    19 |    28 |    39 |    26 ||   121
       Berserk           |       |     3 |     6 |    10 |    21 |     5 |     8 ||    53
       Brothers in Arms  |       |       |       |     4 |    11 |     2 |     2 ||    19
 Abil: Evoke Invisibilit |       |       |       |       |     5 |       |       ||     5
Evoke: Wand              |       |       |     1 |    17 |    15 |    19 |     1 ||    53
  Use: Scroll            |       |       |    14 |    15 |    17 |    15 |     8 ||    69
       Potion            |       |       |     1 |       |     7 |     8 |     2 ||    18
 Stab: Sleeping          |     5 |     7 |    21 |    36 |    44 |    58 |    18 ||   189
       Distracted        |     1 |       |     2 |       |     5 |     3 |       ||    11
       Paralysed         |       |       |     2 |     3 |     1 |     4 |       ||    10
       Invisible         |       |       |     3 |       |    17 |     4 |       ||    24
  Eat: Chunk             |       |     6 |    17 |    27 |    44 |    29 |    15 ||   138
       Ration            |       |       |       |     1 |     4 |     4 |     4 ||    13
Armor: Skin              |     2 |     4 |     8 |    15 |    86 |    25 |     8 ||   148
Dodge: Dodged            |    34 |    47 |   229 |   390 |   389 |   623 |   270 ||  1982
Block: Buckler           |     5 |    15 |    50 |    81 |       |       |       ||   151
       Large shield      |       |       |       |       |   855 |  1483 |   782 ||  3120
       Rpst.: Double sword |       |       |       |    51 |    67 |   108 |    56 ||   282
       Falchion          |       |       |       |       |     5 |       |       ||     5

Table legend:
 A = Spawn XP
 B = Non-spawn XP
 C = Spawn XP percentage of total XP
 D = Spawn monster count
 E = Non-spawn monster count
 F = Spawn count percentage of total count
 G = Total turns spent on level
                    A         B        C        D         E        F      G
               +---------+---------+-------+---------+---------+-------+---------
         Total |       0 |  478377 |   0.0 |       0 |    1370 |   0.0 | 23018
               +---------+---------+-------+---------+---------+-------+---------
           D:1 |       0 |      60 |   0.0 |       0 |      25 |   0.0 |   545
           D:2 |       0 |     111 |   0.0 |       0 |      19 |   0.0 |   511
           D:3 |       0 |     186 |   0.0 |       0 |      27 |   0.0 |   437
           D:4 |       0 |     615 |   0.0 |       0 |      25 |   0.0 |   501
           D:5 |       0 |     368 |   0.0 |       0 |      17 |   0.0 |   613
           D:6 |       0 |    1154 |   0.0 |       0 |      36 |   0.0 |   610
           D:7 |       0 |    1649 |   0.0 |       0 |      19 |   0.0 |   501
           D:8 |       0 |    1429 |   0.0 |       0 |      25 |   0.0 |   771
           D:9 |       0 |    5442 |   0.0 |       0 |      24 |   0.0 |   782
          D:10 |       0 |    6726 |   0.0 |       0 |      56 |   0.0 |   654
          D:11 |       0 |    3557 |   0.0 |       0 |      48 |   0.0 |   881
          D:12 |       0 |    1839 |   0.0 |       0 |      14 |   0.0 |   532
          D:13 |       0 |    9453 |   0.0 |       0 |      40 |   0.0 |   714
          D:14 |       0 |   20230 |   0.0 |       0 |      42 |   0.0 |   694
          D:15 |       0 |   33522 |   0.0 |       0 |      62 |   0.0 |   950
        Lair:1 |       0 |    1706 |   0.0 |       0 |       8 |   0.0 |   496
        Lair:2 |       0 |    3915 |   0.0 |       0 |      22 |   0.0 |   395
        Lair:3 |       0 |    4915 |   0.0 |       0 |      20 |   0.0 |   611
        Lair:4 |       0 |    5880 |   0.0 |       0 |      18 |   0.0 |   847
        Lair:5 |       0 |    7755 |   0.0 |       0 |      24 |   0.0 |   618
        Lair:6 |       0 |   15977 |   0.0 |       0 |      40 |   0.0 |   979
      Shoals:1 |       0 |   13258 |   0.0 |       0 |      31 |   0.0 |   461
      Shoals:2 |       0 |   10633 |   0.0 |       0 |      18 |   0.0 |   435
      Shoals:3 |       0 |   24010 |   0.0 |       0 |      44 |   0.0 |   760
      Shoals:4 |       0 |   35681 |   0.0 |       0 |      62 |   0.0 |   675
      Spider:1 |       0 |   13485 |   0.0 |       0 |      42 |   0.0 |   731
      Spider:2 |       0 |   13010 |   0.0 |       0 |      29 |   0.0 |   572
      Spider:3 |       0 |   21765 |   0.0 |       0 |      57 |   0.0 |   604
      Spider:4 |       0 |   30771 |   0.0 |       0 |      70 |   0.0 |   726
         Orc:1 |       0 |    4126 |   0.0 |       0 |      31 |   0.0 |   406
         Orc:2 |       0 |   23169 |   0.0 |       0 |     115 |   0.0 |  1021
      Vaults:1 |       0 |    9588 |   0.0 |       0 |      18 |   0.0 |   163
      Vaults:2 |       0 |   48806 |   0.0 |       0 |      76 |   0.0 |   739
      Vaults:3 |       0 |   73252 |   0.0 |       0 |     101 |   0.0 |  1091
      Vaults:4 |       0 |   30090 |   0.0 |       0 |      50 |   0.0 |   828
       Ossuary |       0 |     244 |   0.0 |       0 |      15 |   0.0 |   164
               +---------+---------+-------+---------+---------+-------+---------
